 Dungeon Crawl Stone Soup version 0.24.0-37-gcf1ca852f1 (webtiles) character file.

Game seed: 176815220498150091, levelgen mode: deterministic

20240 Amplified the Thaumaturge (level 12, -2/75 HPs)
             Began as a Deep Elf Air Elementalist on Dec 2, 2019.
             Was an Elder of Sif Muna.
             Killed from afar by a rime drake (26 damage)
             ... with a flash freeze
             ... on level 3 of the Lair of Beasts.
             The game lasted 00:50:40 (15391 turns).

Amplified the Thaumaturge (DEAE)                   Turns: 15391, Time: 00:50:44

Health: -2/75      AC:  8    Str:  8    XL:     12   Next: 43%
Magic:  5/31       EV: 19    Int: 23    God:    Sif Muna [****..]
Gold:   953        SH:  0    Dex: 15    Spells: 10/38 levels left

rFire    + + .     SeeInvis .   J - +2 great sword (flame)
rCold    x . .     Gourm    .   (shield currently unavailable)
rNeg     . . .     Faith    .   H - +2 robe {rF+}
rPois    +         Spirit   .   (no helmet)
rElec    .         Reflect  .   d - +1 cloak {rPois}
rCorr    .         Harm     .   (no gloves)
MR       +....                  A - +1 pair of boots
Stlth    ++........             x - amulet of regeneration
HPRegen  0.62/turn              j - ring of fire
MPRegen  0.22/turn              B - +3 ring of evasion

@: no status effects
A: no striking features
a: Channel Magic, Forget Spell, Divine Exegesis, Renounce Religion


You were on level 3 of the Lair of Beasts.
You worshipped Sif Muna.
Sif Muna was greatly pleased with you.
You were not hungry.

You visited 2 branches of the dungeon, and saw 15 of its levels.
You also visited: Ossuary and Volcano.

You collected 953 gold pieces.

Inventory:

Hand Weapons
 C - a +2 dagger of venom
 G - a +2 flail of holy wrath
 J - a +2 great sword of flaming (weapon)
Missiles
 b - 206 bolts
 l - 197 arrows
 D - 4 poisoned darts (quivered)
Armour
 d - a +1 cloak of poison resistance (worn)
 g - a +0 troll leather armour
 h - a +4 scale mail of fire resistance
 m - +0 steam dragon scales
 t - a +2 leather armour of fire resistance
 A - a +1 pair of boots (worn)
 H - a +2 robe of fire resistance (worn)
Magical Staves
 q - an uncursed staff of power
Jewellery
 j - a ring of fire (left hand)
 v - an uncursed ring of magical power
 x - an amulet of regeneration (around neck)
 B - a +3 ring of evasion (right hand)
 F - an uncursed ring of flight
Wands
 f - a wand of digging (3)
 p - a wand of flame (11)
 r - a wand of iceblast (14)
 z - a wand of paralysis (9)
Scrolls
 e - 4 scrolls of enchant weapon
 n - 3 scrolls of teleportation
 w - 4 scrolls of amnesia
 y - a scroll of magic mapping
 E - 2 scrolls of remove curse
 I - a scroll of identify
Potions
 a - 2 potions of curing {unknown}
 i - 2 potions of resistance
 k - a potion of mutation
 o - a potion of flight
 s - a potion of brilliance
Miscellaneous
 K - a lightning rod (4/4)
Comestibles
 c - 14 rations
 u - 6 chunks of flesh


   Skills:
 * Level 8.8 Fighting
 - Level 6.9 Dodging
 - Level 2.4 Stealth
 * Level 13.5 Spellcasting
 * Level 9.0 Conjurations
 - Level 3.7 Summonings
 * Level 9.5 Air Magic
 - Level 5.8 Invocations


You had 10 spell levels left.
You knew the following spells:

 Your Spells              Type           Power        Failure   Level  Hunger
a - Shock                 Conj/Air       ####         1%          1    None
b - Swiftness             Chrm/Air       #####...     1%          2    None
c - Static Discharge      Conj/Air       ######..     1%          3    None
d - Airstrike             Air            ######....   1%          4    None
e - Lightning Bolt        Conj/Air       ######....   2%          5    ###....
f - Summon Lightning Spi  Summ/Air       #####...     2%          4    None
g - Mephitic Cloud        Conj/Pois/Air  #####...     1%          3    None
h - Shadow Creatures      Summ           N/A          77%         6    #####..

Your spell library contained the following spells:

 Spells                   Type           Power        Failure   Level  Hunger
 Flame Tongue             Conj/Fire      #####        1%          1    None
 Magic Dart               Conj           ####         1%          1    None
 Summon Butterflies       Summ           ####....     1%          1    None
 Summon Small Mammal      Summ           ####         1%          1    None
 Call Imp                 Summ           ####....     1%          2    None
 Throw Flame              Conj/Fire      ######       1%          2    None
 Conjure Flame            Conj/Fire      ######..     1%          3    None
 Call Canine Familiar     Summ           ####....     2%          3    None
 Recall                   Summ/Tloc      N/A          5%          3    None
 Summon Guardian Golem    Hex/Summ       ###.....     5%          3    None
 Blink                    Tloc           N/A          6%          2    None
 Slow                     Hex            ###.....     6%          2    None
 Sticky Flame             Conj/Fire      ######..     6%          4    None
 Inner Flame              Hex/Fire       ###.....     12%         3    None
 Fireball                 Conj/Fire      ######....   17%         5    ###....
 Summon Ice Beast         Ice/Summ       ###.....     19%         4    None
 Aura of Abjuration       Summ           ####......   22%         5    ###....
 Summon Demon             Summ           ####......   22%         5    ###....
 Summon Forest            Summ/Tloc      ###.......   45%         5    ###....
 Summon Mana Viper        Hex/Summ       ###.....     45%         5    ###....
 Summon Hydra             Summ           ####......   100%        7    ######.


Dungeon Overview and Level Annotations

Branches:
Dungeon (12/15)            Temple (0/1) D:5            Lair (3/6) D:10
 Shoals (0/4) Lair:3          Orc (0/2) D:11        Ossuary (visited)
Volcano (visited)
  Snake: Lair:2-4    Spider: Lair:2-4

Altars:
Cheibriados
Elyvilon
Fedhas
Gozag
Hepliaklqana
Okawaru
Sif Muna
Trog
Uskayaw
Yredelemnul
Zin
The Shining One

Shops:
D:6 :   D:8 %

Annotations:
D:10 2 runed translucent doors, matti1234's ghost, journeyman OpWr
Lair:1 Urug


Message History

Aim: a bullfrog (almost dead)
The air twists around and strikes the bullfrog!
You kill the bullfrog!
Sif Muna accepts your kill.
The black mamba bites you but does no damage.
The rime drake bites you but does no damage.
Unknown command.
Casting: Airstrike (safe; 1% risk of failure)
Confirm with . or Enter, or press ? or * to list all spells.
Aiming: Airstrike (safe; 1% risk of failure)
Press: ? - help, Dir - move target cursor, f - rime drake
Aim: a rime drake The air twists around and violently strikes the rime drake!
The rime drake is moderately wounded.
The ice encasing you melts away. The black mamba completely misses you.
You riposte.
You closely miss the black mamba. The black mamba bites you!
The rime drake breathes ice at you. The flash freeze hits you!!
You feel a painful chill!
You die...

............≈
..........≈≈ ≈
...........###≈##
............≈≈..≈≈.
...........≈#.>.≈≈.
..........≈≈...≈..≈
......k....≈≈≈.≈≈# ..
......†@S..≈##≈.##≈..
...........##....#...
.............#.......>..
............##..........
..........##............
..........###...........
.........## #...........
........## ##...........
..# ...... #............


You could see a black mamba and a rime drake.

Vanquished Creatures
  A two-headed ogre (D:11)
  5 wizards (Volcano)
  3 spiny frogs
  3 toenail golems (Volcano)
  An ice statue (D:8)
  Psyche (D:8)
  2 rime drakes
  2 komodo dragons
  2 trolls
  A hornet (D:8)
  16 blink frogs
  2 hippogriffs
  4 yaks
  2 hungry ghosts
  A basilisk (Lair:2)
  A steam dragon (D:9)
  4 water moccasins
  3 porcupines
  An orc warrior (D:9)
  An ice beast (D:5)
  A phantom (D:5)
  A necrophage (D:11)
  4 sky beasts
  A boggart (D:11)
  A wolf (Lair:2)
  4 ogres
  2 centaurs
  5 crocodiles
  2 big kobolds
  3 bullfrogs
  2 scorpions (D:6)
  4 killer bees (D:9)
  An electric eel (Lair:1)
  2 howler monkeys (D:8)
  A crimson imp (D:8)
  3 quasits
  2 bullfrog zombies
  6 hounds
  Crazy Yiuf (D:2)
  10 orc wizards
  2 bullfrog skeletons
  3 centaur skeletons
  6 orc priests
  A jelly (D:11)
  3 iguanas
  11 worker ants
  2 hound skeletons
  10 adders
  4 gnolls (D:5)
  3 shadow imps
  An ooze (D:3)
  2 dart slugs (D:2)
  11 leopard geckos
  28 orcs
  9 giant cockroaches
  8 goblins
  3 hobgoblins
  3 jackals (D:4)
  3 quokkas
  3 ball pythons
  3 bats
  4 frilled lizards
  A gnoll skeleton (Ossuary)
  9 kobolds
  3 orc skeletons (Ossuary)
  7 rats
255 creatures vanquished.

Vanquished Creatures (collateral kills)
  A hydra (Lair:2)
  A dancing weapon (Volcano)
  3 two-headed ogres
  A manticore (D:11)
  2 toenail golems (Volcano)
  A spiny frog (Lair:2)
  A komodo dragon (D:10)
  3 blink frogs
  A hippogriff (D:11)
  5 yaks
  A swamp drake (D:11)
  2 orc warriors
  An ogre (D:11)
  A boggart (D:11)
  3 wolves (Lair:2)
  A crocodile (D:11)
  An orc priest (D:9)
  5 orcs
  A quokka (D:10)
35 creatures vanquished.

Vanquished Creatures (others)
  6 fungi
  11 plants
17 creatures vanquished.

Grand Total: 307 creatures vanquished

Notes
Turn   | Place    | Note
-------+----------+-------------------------------------------
     0 | D:1      | Amplified the Deep Elf Air Elementalist began the quest for
                  | the Orb.
     0 | D:1      | Reached XP level 1. HP: 10/10 MP: 6/6
   439 | D:1      | Reached XP level 2. HP: 16/16 MP: 2/8
   834 | D:2      | Found a shimmering blue altar of Sif Muna.
   840 | D:2      | Became a worshipper of Sif Muna the Loreminder
   871 | D:2      | Learned a level 2 spell: Swiftness
   892 | D:2      | Found an opulent altar of Gozag.
  1193 | D:2      | Reached XP level 3. HP: 20/20 MP: 8/10
  1219 | D:2      | Found a snail-covered altar of Cheibriados.
  1271 | D:2      | Reached skill level 1 in Fighting
  1290 | D:2      | Found a blossoming altar of Fedhas.
  1338 | D:2      | Found a runed translucent door.
  1339 | D:2      | Noticed Crazy Yiuf
  1504 | D:2      | Learned a level 3 spell: Static Discharge
  1653 | D:2      | Killed Crazy Yiuf
  1653 | D:2      | Reached XP level 4. HP: 14/25 MP: 11/11
  1883 | D:3      | Reached skill level 4 in Spellcasting
  1923 | D:3      | Learned a level 4 spell: Airstrike
  2086 | D:3      | Reached * piety under Sif Muna
  2528 | D:3      | Reached XP level 5. HP: 28/30 MP: 5/13
  2610 | D:3      | Reached skill level 1 in Invocations
  3398 | D:4      | Reached skill level 5 in Spellcasting
  3398 | D:4      | Reached XP level 6. HP: 35/35 MP: 15/15
  3522 | D:4      | Found a glowing golden altar of the Shining One.
  4040 | D:5      | Entered Level 5 of the Dungeon
  4066 | D:5      | Reached ** piety under Sif Muna
  4210 | D:5      | Found a staircase to the Ecumenical Temple.
  4293 | D:5      | Found a sand-covered staircase.
  4336 | Ossuary  | Entered an ossuary
  4336 | Ossuary  | Noticed a wraith
  4336 | Ossuary  | Noticed a wraith
  4336 | Ossuary  | Noticed a wraith
  4504 | D:5      | Found an iron altar of Okawaru.
  4609 | D:5      | Reached XP level 7. HP: 40/40 MP: 17/17
  4665 | D:5      | Reached skill level 6 in Spellcasting
  5100 | D:5      | Reached skill level 5 in Air Magic
  5445 | D:6      | Found Ranwyr's Book Shoppe.
  5506 | D:6      | You fall into a shaft and drop 1 floor!
  5681 | D:7      | Noticed a hungry ghost
  5825 | D:7      | Killed a hungry ghost
  5825 | D:7      | Reached XP level 8. HP: 31/48 MP: 11/20
  5835 | D:7      | Got an ivory long sword
  5836 | D:7      | Identified the +2 long sword of Wooref {vamp, +Blink rF+
                  | MR-} (You found it on level 7 of the Dungeon)
  5982 | D:7      | Reached skill level 7 in Spellcasting
  6599 | D:6      | Found a hazy altar of Hepliaklqana.
  7546 | D:8      | Found Beiwkaoh's Food Boutique.
  7557 | D:8      | Noticed a hippogriff
  7562 | D:8      | Killed a hippogriff
  7616 | D:8      | Found a hide-covered altar of Uskayaw.
  7779 | D:8      | Reached skill level 8 in Spellcasting
  8000 | D:8      | Found a bloodstained altar of Trog.
  8010 | D:8      | Noticed a hornet
  8017 | D:8      | Killed a hornet
  8017 | D:8      | Reached XP level 9. HP: 49/52 MP: 23/23
  8080 | D:8      | Noticed a troll
  8084 | D:8      | Killed a troll
  8084 | D:8      | Reached skill level 5 in Invocations
  8105 | D:8      | Reached skill level 5 in Fighting
  8109 | D:8      | Noticed Psyche
  8114 | D:8      | Killed Psyche
  8344 | D:8      | Reached skill level 9 in Spellcasting
  8366 | D:8      | Found a white marble altar of Elyvilon.
  8452 | D:8      | Found a basalt altar of Yredelemnul.
  8497 | D:8      | Noticed an ice statue
  8610 | D:8      | Killed an ice statue
  8610 | D:8      | Reached skill level 5 in Dodging
  8624 | D:8      | Learned a level 5 spell: Lightning Bolt
  8629 | D:8      | Learned a level 4 spell: Summon Lightning Spire
  8685 | D:8      | Reached *** piety under Sif Muna
  8791 | D:9      | Noticed a troll
  8798 | D:8      | Reached skill level 1 in Summonings
  9157 | D:9      | Found a glowing silver altar of Zin.
  9164 | D:9      | Reached XP level 10. HP: 45/60 MP: 5/25
  9392 | D:9      | Reached skill level 10 in Spellcasting
 10013 | D:10     | Entered Level 10 of the Dungeon
 10055 | D:10     | Noticed a two-headed ogre
 10067 | D:10     | Killed a two-headed ogre
 10067 | D:10     | Reached **** piety under Sif Muna
 10100 | D:10     | Found a staircase to the Lair.
 10326 | D:10     | Found a runed translucent door.
 10329 | D:10     | Noticed matti1234's ghost (journeyman OpWr)
 10329 | D:10     | Identified the +3 spear of Fedipas {flame, rC- rN++ Int+4}
 10544 | D:10     | Found a white marble altar of Elyvilon.
 10549 | D:10     | Noticed an angel
 10550 | D:10     | Found a runed translucent door.
 11332 | D:11     | Reached skill level 5 in Conjurations
 11442 | D:11     | Noticed a manticore
 11447 | D:11     | Killed a manticore
 11447 | D:11     | Reached skill level 11 in Spellcasting
 11821 | D:11     | Noticed a two-headed ogre
 11830 | D:11     | Killed a two-headed ogre
 11852 | D:11     | Noticed a two-headed ogre
 12013 | D:11     | Noticed a two-headed ogre
 12015 | D:11     | Noticed a two-headed ogre
 12023 | D:11     | Killed a two-headed ogre
 12023 | D:11     | Reached XP level 11. HP: 67/67 MP: 28/28
 12028 | D:11     | Killed a two-headed ogre
 12131 | D:11     | Found a staircase to the Orcish Mines.
 12478 | Lair:1   | Entered Level 1 of the Lair of Beasts
 12547 | Lair:1   | Reached ***** piety under Sif Muna
 12619 | Lair:1   | Noticed Urug
 12964 | Lair:1   | Found a dark tunnel.
 12972 | Volcano  | Entered a volcano
 13005 | Volcano  | Noticed a wizard
 13013 | Volcano  | Killed a wizard
 13014 | Volcano  | Received a gift from Sif Muna
 13014 | Volcano  | Reached skill level 12 in Spellcasting
 13072 | Volcano  | Learned a level 3 spell: Mephitic Cloud
 13082 | Volcano  | Noticed a wizard
 13087 | Volcano  | Killed a wizard
 13117 | Volcano  | Noticed a wizard
 13121 | Volcano  | Paralysed by a wizard for 2 turns
 13122 | Volcano  | Noticed a wizard
 13129 | Volcano  | Killed a wizard
 13133 | Volcano  | Killed a wizard
 13187 | Volcano  | Noticed a wizard
 13193 | Volcano  | Killed a wizard
 13321 | Volcano  | Noticed a +1 mace of flaming
 13349 | Volcano  | Learned a level 6 spell: Shadow Creatures
 13426 | Volcano  | Killed a +1 mace of flaming
 13945 | Lair:2   | Reached XP level 12. HP: 45/74 MP: 23/30
 13961 | Lair:2   | Noticed a five-headed hydra
 14055 | Lair:1   | You fall into a shaft and drop 1 floor!
 14093 | Lair:2   | Reached skill level 13 in Spellcasting
 14621 | Lair:2   | Killed a five-headed hydra
 15381 | Lair:3   | Found a staircase to the Shoals.
 15391 | Lair:3   | Killed from afar by a rime drake

Levels and vault maps discovered:
D:1:      minmay_arrival_nine_rooms, layout_basic
D:2:      layout_loops_cross, kennysheep_slug_shrine, lemuel_doored_altar,
          lemuel_crystal_altar, nicolae_overflow_crystal_walls, first_ration,
          uniq_crazy_yiuf_cottage
D:3:      layout_loops_corners
D:4:      layout_basic, nicolae_tso_carved_into_rock
D:5:      layout_layer_cave, lemuel_round_altar, minmay_temple_entry_glass,
          enter_ossuary_2
D:6:      layout_gridville, kennysheep_mini, serial_shops, kennysheep_mini_moat
D:7:      layout_layer_cave, nrook_mini_backslash
D:8:      lemuel_ice_statue, layout_loops_corners, kennysheep_ying_yang,
          lemuel_round_altar, bloody_trog, serial_shops,
          nicolae_shop_window_shopping, hangedman_ranch
          [blue_anna_fruit_fields], st_stairs_9, uniq_psyche
D:9:      layout_small_grid, old_standard_altar,
          minmay_fractal_squares_diagonal_5
D:10:     layout_loops_cross, david_lair_shrubbed, ebering_ghost_funeral_grove,
          lemuel_angel_altar
D:11:     layout_long_grid, erik_orc_1, grunt_decor_clamped
D:12:     layout_cross
Lair:1:   layout_cave_pods, portal_ice_cave_rime, enter_volcano_4,
          lemuel_fruit_fields, serial_bayou_shore_a, grunt_megastairs_1,
          uniq_urug
Lair:2:   layout_regular_city, serial_rivers, chequers_serial_rivers_micro_d,
          chequers_serial_rivers_micro_d, chequers_serial_rivers_small_3,
          chequers_serial_rivers_large_b, chequers_serial_rivers_small_a,
          grunt_forest_stairs_basic
Lair:3:   layout_cave_pods, elwin_shoals_entry_rocks, basic_altar,
          beast_lair_carwin_8, lemuel_fruit_tree

Skill      XL: |  1  2  3  4  5  6  7  8  9 10 11 12 |
---------------+-------------------------------------+-----
Fighting       | 1 2 3 4 5 7 8 |  8.8
Conjurations   | 2 3 4 5 8 9 |  9.0
Spellcasting   | 4 5 6 8 9 11 12 13 | 13.5
Invocations    | 2 3 4 5 |  5.8
Air Magic      | 4 5 6 7 8 9 |  9.5
Dodging        | 3 6 |  6.9
Summonings     | 2 3 |  3.7
Stealth        | |  2.4

Action                   |  1- 3 |  4- 6 |  7- 9 | 10-12 || total
-------------------------+-------+-------+-------+-------++-------
Melee: Short sword       |     7 |    10 |       |       ||    17
       Staff             |       |     4 |    13 |    19 ||    36
       Flail             |       |       |       |    38 ||    38
       Long sword        |       |       |       |     9 ||     9
       Dagger            |       |       |       |    31 ||    31
       Great sword       |       |       |       |     9 ||     9
       Great mace        |       |       |       |     4 ||     4
Throw: Throwing net      |     1 |       |       |       ||     1
       Dart              |       |       |       |    13 ||    13
 Cast: Shock             |    64 |   110 |    84 |    58 ||   316
       Static Discharge  |       |    25 |    77 |   143 ||   245
       Airstrike         |       |     4 |    28 |    77 ||   109
       Summon Lightning  |       |       |       |    29 ||    29
       Shadow Creatures  |       |       |       |     4 ||     4
       Mephitic Cloud    |       |       |       |     3 ||     3
Invok: Channel Magic     |       |       |       |     1 ||     1
Evoke: Wand              |       |       |    12 |    29 ||    41
  Use: Scroll            |     4 |     7 |     5 |    15 ||    31
       Potion            |     3 |     4 |     1 |    10 ||    18
 Stab: Sleeping          |     1 |     1 |       |     1 ||     3
       Paralysed         |       |       |       |    13 ||    13
       Distracted        |       |       |       |     1 ||     1
  Eat: Chunk             |     1 |     1 |     6 |    11 ||    19
       Ration            |       |     3 |     5 |     3 ||    11
Armor: Robe              |     1 |     9 |    17 |    15 ||    42
       Skin              |       |       |       |    40 ||    40
       Steam dragon scal |       |       |       |    26 ||    26
       Troll leather arm |       |       |       |     2 ||     2
Dodge: Dodged            |     4 |    45 |    98 |   254 ||   401
       Rpst.: Long sword |       |       |       |    11 ||    11
       Great sword       |       |       |       |    15 ||    15
